 Dungeon Crawl Stone Soup version 0.28.0-43-g3370ac3207 (webtiles) character file.

Game seed: 11716787213279798421

177892 Orthodox the Slayer (level 17, 5/120 (176) HPs)
             Began as a Minotaur Fighter on Mar 3, 2022.
             Was an Elder of Dithmenos.
             Quit the game on level 2 of the Abyss.
             The game lasted 02:54:01 (50309 turns).

Orthodox the Slayer (Minotaur Fighter)             Turns: 50309, Time: 02:54:02

HP:   5/120 (176)   AC: 25    Str: 28    XL:     17   Next: 55%
MP:   26/26         EV: 12    Int:  5    God:    Dithmenos [****..]
Gold: 341           SH:  0    Dex: 11    Spells: 14/16 levels left

rFire   + . .      SeeInvis .   p - +9 double sword (flame)
rCold   + + +      Faith    .   c - +2 buckler
rNeg    . . .      Spirit   .   q - +4 plate armour {rPois}
rPois   +          Reflect  .   f - +2 hat {Stlth+}
rElec   +          Harm     .   C - +0 cloak
rCorr   .          Rampage  .   Y - +0 pair of gloves of the Distant Future {rElec}
Will    ++...                   g - +0 pair of boots "Elelio" {rPois rC+++ Str+4 Dex-4}
Stlth   ..........              y - amulet of regeneration
HPRegen 1.10/turn               n - ring of willpower
MPRegen 0.20/turn               t - ring of protection from fire

@: confused, wreathed by umbra, very heavily drained
A: horns 2, retaliatory headbutt
a: Renounce Religion, Shadow Step


You were on level 2 of the Abyss.
You worshipped Dithmenos.
Dithmenos was greatly pleased with you.
You visited 6 branches of the dungeon, and saw 27 of its levels.
You visited the Abyss 1 time.
You also visited: Gauntlet.

You collected 2692 gold pieces.
You spent 2351 gold pieces at shops.

Inventory:

Hand Weapons
 p - a +9 double sword of flaming (weapon)
 u - a +5 long sword of holy wrath
 F - the +6 scimitar of a wizard's laboratory {protect, rCorr}
   (You bought it in a shop on level 2 of the Orcish Mines)

   It grants its wielder temporary protection when it strikes (+7 to AC).
   rCorr:     It protects you from acid and corrosion.
 Z - a +3 scimitar of flaming
Missiles
 d - 5 silver javelins
 H - 2 throwing nets (quivered) {!f}
Armour
 c - a +2 buckler (worn)
 f - a +2 hat of stealth (worn)
 g - the +0 pair of boots "Elelio" (worn) {rPois rC+++ Str+4 Dex-4}
   (You bought it in a shop on level 1 of the Orcish Mines)

   Str:       It affects your strength (+4).
   Dex:       It affects your dexterity (-4).
   rC:        It renders you almost immune to cold.
   rPois:     It protects you from poison.
 i - a +3 scale mail of cold resistance
 q - a +4 plate armour of poison resistance (worn)
 A - the +1 plate armour "Baod" {-Cast rF- rN++ Dex+8}
   (You bought it in a shop on level 1 of the Elven Halls)

   Dex:       It affects your dexterity (+8).
   rF:        It makes you vulnerable to fire.
   rN:        It greatly protects you from negative energy.
   -Cast:     It prevents spellcasting.
 B - the +3 scale mail "Lireodwe" {rElec Str+5 Int-5}
   (You found it on level 6 of the Lair of Beasts)

   Str:       It affects your strength (+5).
   Int:       It affects your intelligence (-5).
   rElec:     It insulates you from electricity.
 C - a +0 cloak (worn)
 K - a +1 scale mail of willpower
 Y - the +0 pair of gloves of the Distant Future (worn) {rElec}
   (You found it on level 2 of the Orcish Mines)

   rElec:     It insulates you from electricity.
Jewellery
 a - a ring of protection from fire
 n - a ring of willpower (left hand)
 t - a ring of protection from fire (right hand)
 y - an amulet of regeneration (around neck)
 G - the ring "Esineu" {*Slow rCorr Int+6 Dex+8 Stlth+}
   (You took it off a spriggan on level 6 of the Lair of Beasts)

   [ring of intelligence]

   Int:       It affects your intelligence (+6).
   Dex:       It affects your dexterity (+8).
   rCorr:     It protects you from acid and corrosion.
   *Slow:     It may slow you when you take damage.
   Stlth:     It makes you more stealthy.
Wands
 l - a wand of iceblast (7)
 w - a wand of paralysis (8)
 N - a wand of acid (10)
 T - a wand of digging (2)
Scrolls
 h - 3 scrolls of noise
 j - a scroll of fear
 o - 3 scrolls of magic mapping
 I - 2 scrolls of fog
Potions
 k - 10 potions of mutation
 r - 5 potions of flight
 s - 4 potions of curing {@q1}
 v - a potion of haste
 L - 3 potions of attraction
 S - a potion of cancellation {unknown}
 U - 3 potions of resistance
Miscellaneous
 m - a phial of floods
 D - a phantom mirror
 J - a phantom mirror
 V - a lightning rod (4/4)


   Skills:
 - Level 22.0 Fighting
 - Level 19.0 Long Blades
 + Level 11.0 Armour
 + Level 13.1 Dodging
 - Level 10.0 Shields
 - Level 14.0 Invocations


You had 14 spell levels left.
You knew the following spells:

 Your Spells              Type           Power      Damage    Failure   Level
a - Blink                 Tloc           0%         N/A       100%        2

Your spell library contained the following spells:

 Spells                   Type           Power      Damage    Failure   Level
 Freeze                   Ice            0%         1d3       99%         1
 Magic Dart               Conj           0%         1d3       99%         1
 Pain                     Necr           0%         1d4       99%         1
 Call Imp                 Summ           0%         N/A       100%        2
 Ensorcelled Hibernation  Hex/Ice        0%         N/A       100%        2
 Passwall                 Tmut/Erth      0%         N/A       100%        2
 Frozen Ramparts          Ice            0%         1d2       100%        3
 Lesser Beckoning         Tloc           0%         N/A       100%        3
 Mephitic Cloud           Conj/Pois/Air  0%         N/A       100%        3
 Swiftness                Air            0%         N/A       100%        3
 Hailstorm                Conj/Ice       0%         3d3       100%        4
 Agony                    Necr           0%         N/A       100%        5
 Excruciating Wounds      Necr           0%         N/A       100%        5
 Iskenderun's Battlesphe  Conj           0%         2d6       100%        5
 Manifold Assault         Tloc           0%         N/A       100%        5
 Iron Shot                Conj/Erth      0%         9d1       100%        6
 Spellforged Servitor     Conj/Summ      0%         N/A       100%        7


Dungeon Overview and Level Annotations

Branches:
Dungeon (15/15)            Temple (1/1) D:5            Lair (6/6) D:10
 Shoals (0/4) Lair:4       Spider (1/4) Lair:2        Slime (0/5) Lair:6
    Orc (2/2) D:10            Elf (2/3) Orc:2        Vaults (0/5) D:13
 Depths (0/4) D:15        Gauntlet (visited)

Altars:
Ashenzari
Cheibriados
Dithmenos
Elyvilon
Fedhas
Gozag
Hepliaklqana
Kikubaaqudgha
Makhleb
Nemelex Xobeh
Okawaru
Qazlal
Ru
Sif Muna
Trog
Uskayaw
Vehumet
Wu Jian
Xom
Yredelemnul
Zin
The Shining One
Beogh
Lugonu

Shops:
D:4 *   D:8 :   Orc:1 [   Orc:2 (=[[   Elf:1 [

Portals:
Abyss: Lair:6
Trove: D:15 (give +4 fire dragon scales)

Annotations:
D:5 Grinder
Lair:2 2 transporters, croobank's ghost, journeyman GnFE
Spider:1 Mlioglotl
Elf:1 3 runed translucent doors


Innate Abilities, Weirdness & Mutations

You have a pair of horns on your head.
You reflexively headbutt those who attack you in melee.


Message History

The golden eye blinks at you. You resist with almost no effort.
You take 4 damage, and have 40/120 hp.
The thrashing horror tramples you.
You hold your ground!
The thrashing horror closely misses you.
The golden eye blinks at you. You resist with almost no effort.
You take 1 damage, and have 39/120 hp.
You barely miss the thrashing horror. You headbutt the thrashing horror.
The thrashing horror is severely damaged.
The thrashing horror tramples you but does no damage.
The thrashing horror barely misses you. The golden eye blinks at you.
You resist with almost no effort. The thrashing horror tramples you!
* * * LOW HITPOINT WARNING * * *
You hold your ground!
The thrashing horror tramples you.
* * * LOW HITPOINT WARNING * * *
You hold your ground!
A large abomination comes into view.
The golden eye blinks at you. You resist with almost no effort.
You take 12 damage, and have 27/120 hp.
You slash the thrashing horror!
You destroy the thrashing horror!
That felt strangely unrewarding.
The golden eye blinks!
The large abomination hits you!!
* * * LOW HITPOINT WARNING * * *
Things that are here:
a +2 war axe; a +0 robe You take 20 damage, and have 8/120 hp.
You barely miss the golden eye. Your headbutt misses the golden eye.
The large abomination hits you.
* * * LOW HITPOINT WARNING * * *
You take 4 damage, and have 4/120 hp.
You bump into the stone wall.
The large abomination hits you but does no damage.
Unknown command.
Unknown command.
Unknown command.
Are you sure you want to abandon this character and quit the game? (Confirm with "yes".)

## ## # . .....
.#. . .. ..... .
.#. . ....
.#X........ . .
. ..'........ .
. . ... ........
.. . .
.....#....##
##.. . . . .
....... ..#
.#########X..#..
....
........)G@#..
..... . .
#####..G####
.#.. . . # .
#...# .. . .....
#...# .. . . ..
#...# . #.... .
# . #.G.. # ##
#.. .


You could see a large abomination and 2 golden eyes.

Vanquished Creatures
  Jorgrun (D:12)
  Rupert (D:12)
  2 tentacled starspawn (Abyss:2)
  An Executioner (Abyss:2)
  Frances (D:12)
  A deep elf blademaster (Elf:1)
  A deep elf sorcerer (Elf:1)
  Nessos (D:12)
  A spark wasp (Spider:1)
  Azrael (D:11)
  A minotaur (Gauntlet)
  A dire elephant (D:15)
  A deep elf death mage (Elf:1)
  The ghost of cookedgoose the Frost Mage, a journeyman NaIE of Cheibriados (Orc:2)
  Josephine (Lair:4)
  A great orb of eyes (D:15)
  The ghost of hikkokomori the Cleaver, a journeyman HOFi (D:11)
  A deep elf high priest (Elf:1)
  A vault guard (D:13)
  14 hydras
  A hell beast (Gauntlet)
  2 boulder beetles
  A catoblepas (Lair:6)
  4 centaur warriors (D:13)
  4 ogre magi (Orc:2)
  15 two-headed ogres
  27 dancing weapons
  10 death yaks (Lair:5)
  A tengu warrior (D:14)
  Urug (Lair:4)
  4 thrashing horrors
  Sonja (D:13)
  16 deep elf knights
  A soul eater (Gauntlet)
  Nergalle (Orc:1)
  A shadow wraith (Abyss:2)
  8 skeletal warriors
  8 deep elf archers
  A harpy (shapeshifter) (D:13)
  A phantasmal warrior (D:11)
  37 deep elf pyromancers
  5 orc knights
  12 ugly things
  24 deep elf zephyrmancers
  A wolf spider (D:15)
  A salamander (shapeshifter) (D:9)
  3 orc sorcerers
  5 manticores
  14 elephants
  A worldbinder (Gauntlet)
  2 black mambas
  A cyclops (D:14)
  A black mamba (shapeshifter) (D:14)
  3 smoke demons (Lair:6)
  3 torpor snails
  2 merfolk sirens (Lair:4)
  8 cane toads
  3 unseen horrors
  Psyche (D:12)
  A cane toad (shapeshifter) (D:13)
  A gargoyle (D:12)
  2 freezing wraiths
  3 ancient zymes (Lair:6)
  3 rime drakes
  7 komodo dragons
  4 tengu conjurers
  3 efreet
  A queen bee (D:9)
  7 trolls
  4 polar bears
  2 merfolk (Lair:4)
  3 meliai (D:15)
  13 slime creatures
  A tarantella (shapeshifter) (Lair:6)
  3 tarantellas (Spider:1)
  22 blink frogs
  4 large abominations
  19 dream sheep
  A meliai zombie (D:11)
  Sigmund (D:5)
  A jumping spider (Spider:1)
  A culicivora (Spider:1)
  A spriggan (Lair:6)
  4 air elementals (Elf:2)
  5 shadows
  5 wraiths
  2 water elementals (Elf:1)
  57 yaks
  A ynoxinul (Lair:6)
  4 wyverns
  4 fire elementals
  Grum (Lair:1)
  9 basilisks
  A yak (shapeshifter) (D:14)
  A human (shapeshifter) (Lair:6)
  2 chaos spawn (Lair:6)
  2 steam dragons (D:10)
  7 vampire mosquitoes
  Edmund (D:5)
  3 acid dragons
  14 water moccasins
  6 wargs
  Duvessa (D:7)
  4 hell hounds
  26 orc warriors
  2 necrophages (D:6)
  A black bear (D:7)
  An ice beast (D:8)
  2 tengu (shapeshifter)
  17 wolves
  8 centaurs
  21 ogres
  A boggart (Gauntlet)
  2 kobold brigands
  2 wyvern zombies (D:7)
  11 bullfrogs
  3 scorpions
  2 earth elementals
  16 small abominations
  A wyvern skeleton (D:7)
  Dowan (D:7)
  22 killer bees
  3 wights (Abyss:2)
  3 hounds
  6 jellies
  3 centaur zombies
  A gnoll shaman (D:5)
  12 orc priests
  A centaur skeleton (D:5)
  3 iguanas
  20 orc wizards
  A hound skeleton (D:4)
  A howler monkey skeleton (D:4)
  8 gnolls
  8 adders
  4 shadow imps
  A white imp (D:5)
  An ufetubus (D:7)
  A worm (D:3)
  A dart slug (D:1)
  84 orcs
  7 ball pythons
  2 endoplasms
  A giant cockroach (D:2)
  3 goblins
  6 hobgoblins
  6 jackals
  2 quokkas
  3 bats
  2 frilled lizards
  11 kobolds
  4 rats
859 creatures vanquished.

Vanquished Creatures (others)
  A howler monkey zombie (D:9)
  2 orcs (D:13)
  A bush (Lair:6)
  88 fungi
  98 plants
190 creatures vanquished.

Grand Total: 1049 creatures vanquished

Notes
Turn   | Place    | Note
-------+----------+-------------------------------------------
     0 | D:1      | Orthodox the Minotaur Fighter began the quest for the Orb.
     0 | D:1      | Reached XP level 1. HP: 19/19 MP: 0/0
   189 | D:1      | Reached XP level 2. HP: 25/27 MP: 1/1
   716 | D:1      | Reached skill level 4 in Fighting
   862 | D:1      | Found a faded altar of an unknown god.
  1165 | D:2      | Reached XP level 3. HP: 33/33 MP: 2/2
  1795 | D:3      | Reached XP level 4. HP: 33/41 MP: 3/3
  2239 | D:3      | Reached skill level 5 in Fighting
  2443 | D:3      | Reached XP level 5. HP: 46/48 MP: 4/4
  3159 | D:4      | Found Zedoer's General Store.
  3615 | D:4      | Reached skill level 5 in Long Blades
  4178 | D:4      | Reached XP level 6. HP: 57/57 MP: 5/5
  4182 | D:3      | Reached skill level 6 in Fighting
  5183 | D:5      | Entered Level 5 of the Dungeon
  5255 | D:4      | Reached skill level 7 in Fighting
  5255 | D:4      | Reached XP level 7. HP: 42/66 MP: 6/6
  5735 | D:5      | Noticed Sigmund
  5744 | D:5      | Killed Sigmund
  5853 | D:5      | Found a staircase to the Ecumenical Temple.
  5869 | Temple   | Entered the Ecumenical Temple
  6070 | Temple   | Became a worshipper of Dithmenos the Shadowed
  6195 | D:5      | Reached skill level 8 in Fighting
  6429 | D:5      | Noticed Edmund
  6445 | D:5      | Killed Edmund
  6741 | D:5      | Noticed Grinder
  7007 | D:5      | Reached XP level 8. HP: 75/75 MP: 7/7
  7520 | D:6      | Learned a level 2 spell: Blink
  7543 | D:6      | Reached skill level 1 in Dodging
  7543 | D:6      | Reached skill level 1 in Invocations
  7629 | D:6      | Reached * piety under Dithmenos
  7694 | D:6      | Reached skill level 9 in Fighting
  9264 | D:7      | Reached XP level 9. HP: 55/85 MP: 9/9
  9426 | D:7      | Reached skill level 10 in Fighting
  9440 | D:7      | Reached skill level 10 in Long Blades
  9821 | D:7      | Noticed Dowan
  9844 | D:7      | Killed Dowan
  9891 | D:7      | Noticed Duvessa
  9902 | D:7      | Killed Duvessa
 10559 | D:8      | Found a hide-covered altar of Uskayaw.
 10562 | D:8      | Found a blossoming altar of Fedhas.
 10565 | D:8      | Found a white marble altar of Elyvilon.
 10568 | D:8      | Found an ornate altar of the Wu Jian Council.
 10830 | D:8      | Found Dyotil's Book Emporium.
 10881 | D:8      | Reached ** piety under Dithmenos
 11068 | D:8      | Reached skill level 11 in Fighting
 11091 | D:8      | Reached XP level 10. HP: 56/96 MP: 12/12
 12037 | D:9      | Found a transporter.
 12037 | D:9      | Noticed a harpy
 12038 | D:9      | Noticed a purple ugly thing
 12038 | D:9      | Noticed a purple ugly thing
 12039 | D:9      | Noticed a green ugly thing
 12040 | D:9      | Found a corrupted altar of Lugonu.
 12041 | D:9      | Noticed a purple ugly thing
 12175 | D:9      | Reached skill level 5 in Dodging
 12843 | D:9      | Found a radiant altar of Vehumet.
 12889 | D:9      | Found a transporter.
 13006 | D:9      | Reached skill level 12 in Fighting
 14180 | D:10     | Entered Level 10 of the Dungeon
 14357 | D:10     | Reached skill level 13 in Fighting
 14413 | D:9      | Reached *** piety under Dithmenos
 15056 | D:10     | Found a staircase to the Orcish Mines.
 15387 | D:10     | Reached XP level 11. HP: 96/107 MP: 13/13
 16178 | D:10     | Noticed a purple ugly thing
 16434 | D:10     | Found a staircase to the Lair.
 16465 | Lair:1   | Entered Level 1 of the Lair of Beasts
 16840 | Lair:1   | Reached skill level 14 in Fighting
 17006 | Lair:1   | Noticed Grum
 17023 | Lair:1   | Killed Grum
 17414 | Lair:2   | Noticed croobank's ghost (journeyman GnFE)
 17414 | Lair:2   | Found a transporter.
 17584 | Lair:2   | Noticed a boulder beetle
 17643 | Lair:2   | Noticed a four-headed hydra
 17656 | Lair:2   | Killed a one-headed hydra
 17662 | Lair:2   | Reached skill level 15 in Long Blades
 18008 | Lair:2   | Found a hole to the Spider Nest.
 18315 | Lair:2   | Noticed a six-headed hydra
 18329 | Lair:2   | Killed a three-headed hydra
 18329 | Lair:2   | Reached **** piety under Dithmenos
 18349 | Lair:2   | Reached skill level 5 in Armour
 18349 | Lair:2   | Reached XP level 12. HP: 60/117 MP: 14/14
 18510 | Lair:2   | Reached skill level 5 in Shields
 18943 | Lair:2   | Found a transporter.
 19149 | Lair:2   | Killed a boulder beetle
 19631 | Lair:2   | Found a shadowy altar of Dithmenos.
 20087 | Lair:3   | Found a gate leading to a gauntlet.
 20108 | Lair:3   | Noticed a six-headed hydra
 20117 | Lair:3   | Killed a two-headed hydra
 20225 | Gauntlet | Entered a Gauntlet
 20225 | Gauntlet | Found a transporter.
 20225 | Gauntlet | Found a runed translucent door.
 20245 | Gauntlet | Found a runed translucent door.
 20249 | Gauntlet | Found a transporter.
 20253 | Gauntlet | Found a transporter.
 20261 | Gauntlet | Found a transporter.
 20265 | Gauntlet | Found a transporter.
 20273 | Gauntlet | Found a transporter.
 20277 | Gauntlet | Found a transporter.
 20279 | Gauntlet | Noticed a hell beast
 20285 | Gauntlet | Found a transporter.
 20289 | Gauntlet | Found a transporter.
 20293 | Gauntlet | Found a runed translucent door.
 20295 | Gauntlet | Found a runed translucent door.
 20297 | Gauntlet | Found a transporter.
 20318 | Gauntlet | Found a transporter.
 20330 | Gauntlet | Found a transporter.
 20343 | Gauntlet | Found a transporter.
 20356 | Gauntlet | Found a transporter.
 20687 | Gauntlet | Identified the +0 helmet of Surprise {rF++ rC- rN+++ Dex-4}
 20765 | Gauntlet | Killed a hell beast
 20898 | Gauntlet | Identified the +4 dagger "Oqow" {vorpal, rElec SInv}
 20898 | Gauntlet | Noticed a minotaur
 20909 | Gauntlet | Killed a minotaur
 21175 | Lair:3   | Noticed a seven-headed hydra
 21183 | Lair:3   | Killed a four-headed hydra
 21310 | Lair:3   | Reached ***** piety under Dithmenos
 21921 | Lair:4   | Noticed Josephine
 22366 | Lair:4   | Reached XP level 13. HP: 124/124 MP: 11/15
 22464 | Lair:4   | Found a staircase to the Shoals.
 22784 | Lair:4   | Noticed Urug
 22791 | Lair:4   | Killed Urug
 22889 | Lair:4   | Identified the +7 longbow "Spiderslayer" {speed, rPois
                  | rCorr Int-3 Dex+3}
 23036 | Lair:4   | Reached skill level 5 in Invocations
 23178 | Lair:4   | Killed Josephine
 24778 | Lair:5   | HP: 5/124 [death yak (3)]
 25784 | D:4      | Bought 2 scrolls of identify for 52 gold pieces
 25784 | D:4      | Bought a scroll of blinking for 97 gold pieces
 25786 | D:4      | Bought a +0 pair of gloves for 58 gold pieces
 26100 | Lair:6   | Entered Level 6 of the Lair of Beasts
 26136 | Lair:5   | Reached skill level 10 in Invocations
 27207 | Lair:5   | Reached XP level 14. HP: 55/132 MP: 21/21
 27996 | Lair:6   | Reached ****** piety under Dithmenos
 28324 | Lair:6   | Identified the +3 scale mail "Lireodwe" {rElec Str+5 Int-5}
 28605 | Lair:6   | Found a staircase to the Slime Pits.
 30039 | Lair:6   | Identified the ring "Esineu" {*Slow rCorr Int+6 Dex+8
                  | Stlth+}
 30917 | Lair:6   | Found a corrupted altar of Lugonu.
 31000 | Lair:6   | Found a one-way gate to the infinite horrors of the Abyss.
 31330 | Orc:1    | Entered Level 1 of the Orcish Mines
 31330 | Orc:1    | Found Pughajui's Armour Boutique.
 31853 | Orc:2    | Entered Level 2 of the Orcish Mines
 32120 | Orc:2    | Reached skill level 10 in Armour
 32120 | Orc:2    | Reached skill level 10 in Shields
 32457 | Orc:1    | Reached skill level 10 in Dodging
 32652 | Orc:2    | Found a transporter.
 33840 | D:11     | Reached XP level 15. HP: 121/128 MP: 24/24
 34203 | D:11     | Found a runed translucent gate.
 34203 | D:11     | Found a runed translucent gate.
 34203 | D:11     | Found a runed translucent gate.
 34205 | D:11     | Found an opulent altar of Gozag.
 34207 | D:11     | Noticed hikkokomori's ghost (journeyman HOFi)
 35091 | D:12     | Noticed Psyche
 35130 | D:12     | Noticed Frances
 36228 | D:12     | Killed Psyche
 36302 | D:12     | Noticed Azrael
 37184 | D:11     | Killed Azrael
 37473 | D:12     | Noticed Nessos
 37485 | D:12     | Killed Nessos
 37791 | D:12     | Killed Frances
 37883 | D:12     | Identified the +4 hunting sling of Xom's Delight {flame,
                  | rCorr Str+7 Int-5 SInv}
 38063 | D:13     | Noticed Jorgrun
 38065 | D:13     | Noticed Rupert
 38083 | D:13     | Noticed Sonja
 38107 | D:13     | Killed Sonja
 38571 | Orc:2    | Found Henuhaimn's Jewellery Boutique.
 38571 | Orc:2    | Found Hakk's Antique Armour Emporium.
 38571 | Orc:2    | Found Kuetihemp's Antique Weapon Shoppe.
 38571 | Orc:2    | Found Voyhyerif's Antique Armour Boutique.
 38590 | Orc:2    | Found a staircase to the Elven Halls.
 38690 | Orc:2    | Bought an iridescent scimitar for 243 gold pieces
 38690 | Orc:2    | Identified the +6 scimitar of a wizard's laboratory
                  | {protect, rCorr} (You bought it in a shop on level 2 of the
                  | Orcish Mines)
 38809 | Orc:2    | Noticed cookedgoose's ghost (journeyman NaIE)
 38819 | Orc:2    | Found a transporter.
 39292 | Orc:1    | Noticed Nergalle
 39405 | Orc:1    | Killed Nergalle
 39406 | Orc:1    | Reached skill level 15 in Fighting
 39581 | Orc:2    | Killed cookedgoose's ghost
 39629 | Orc:2    | Identified the +0 pair of gloves of the Distant Future
                  | {rElec}
 39688 | Orc:1    | Bought the +0 pair of boots "Elelio" {rPois rC+++ Str+4
                  | Dex-4} for 507 gold pieces
 39703 | Orc:1    | Bought a +4 plate armour of poison resistance for 470 gold
                  | pieces
 39984 | D:12     | Killed Jorgrun
 40214 | D:12     | Killed Rupert
 40960 | D:13     | Found a gate to the Vaults.
 41191 | D:13     | Identified the +2 robe of Winter {Will+ Regen+ MP-9 Int+4}
 41500 | D:14     | Reached skill level 16 in Fighting
 41643 | D:14     | Found a stormy altar of Qazlal.
 41843 | D:14     | Reached XP level 16. HP: 151/151 MP: 25/25
 42275 | D:15     | Entered Level 15 of the Dungeon
 42691 | D:9      | Identified the +5 rapier of Psychosis {venom, Str+3}
 43676 | D:15     | Found an opulent altar of Gozag.
 43784 | D:15     | Found a staircase to the Depths.
 43810 | D:15     | Reached skill level 17 in Fighting
 44089 | D:15     | Found a portal to a secret trove of treasure.
 44193 | D:15     | Identified the +9 trident "Balipuaq" {vamp, rPois}
 44506 | D:11     | Killed hikkokomori's ghost
 44871 | Spider:1 | Entered Level 1 of the Spider Nest
 44940 | Spider:1 | Noticed Mlioglotl
 45265 | Elf:1    | Entered Level 1 of the Elven Halls
 45396 | Elf:1    | Found Isutam's Antique Armour Emporium.
 45404 | Elf:1    | Bought a jewelled plate armour for 924 gold pieces
 45404 | Elf:1    | Identified the +1 plate armour "Baod" {-Cast rF- rN++
                  | Dex+8} (You bought it in a shop on level 1 of the Elven
                  | Halls)
 45546 | Elf:1    | Reached skill level 18 in Fighting
 45763 | Elf:1    | Found a runed translucent gate.
 45764 | Elf:1    | Found a runed translucent gate.
 45764 | Elf:1    | Found a runed translucent gate.
 45764 | Elf:1    | Noticed a tentacled monstrosity
 45765 | Elf:1    | Noticed a tentacled monstrosity
 45771 | Elf:1    | Noticed a tentacled monstrosity
 46274 | Elf:1    | Reached skill level 19 in Fighting
 47331 | Elf:2    | Reached XP level 17. HP: 137/170 MP: 26/26
 47340 | Elf:2    | Reached skill level 20 in Fighting
 47408 | Elf:2    | Paralysed by an air elemental for 1 turns
 47535 | Elf:2    | Found a runed translucent gate.
 47535 | Elf:2    | Found a runed translucent gate.
 47535 | Elf:2    | Found a runed translucent gate.
 47636 | Elf:2    | Paralysed by an air elemental for 1 turns
 47680 | Elf:2    | Noticed a deep elf blademaster
 47792 | Elf:1    | Killed a deep elf blademaster
 48558 | Elf:2    | Reached skill level 21 in Fighting
 49848 | Elf:2    | Reached skill level 22 in Fighting
 50122 | Elf:2    | Cast into level 2 of the Abyss (+1 eveningstar of
                  | distortion)
 50260 | Abyss:2  | Found a shimmering altar of Xom.
 50261 | Abyss:2  | Found a shimmering altar of Xom.
 50261 | Abyss:2  | Found a shimmering altar of Xom.
 50262 | Abyss:2  | Found a shimmering altar of Xom.
 50262 | Abyss:2  | Found a shimmering altar of Xom.
 50263 | Abyss:2  | Found a shimmering altar of Xom.
 50307 | Abyss:2  | HP: 4/120 [large abomination (5)]
 50309 | Abyss:2  | Quit the game

Illustrated notes

Levels and vault maps discovered:
D:1:      denvon_arrival_planthouse, layout_basic,
          hellmonk_ecumenical_altar_run_dry, nrook_mini_backslash
D:2:      layout_loops_ring
D:3:      layout_basic, corexii_hall_statues_t, st_stairs_8,
          chequers_serial_rivers_micro_d, minmay_misc_feat_rows,
          grunt_ministairs_3
D:4:      layout_basic, serial_shops, shop, chequers_serial_rivers_micro_a
D:5:      layout_basic, minmay_temple_entry_mist, st_stairs_13,
          small_statue_intersection, hangedman_abyss_or_decor_lesser_grid,
          uniq_edmund, uniq_sigmund, uniq_grinder
D:6:      layout_loops_ring, minmay_misc_feat_columns
D:7:      layout_cave_pools, minivault_23, minivault_26, uniq_duvessa
D:8:      layout_rooms, grunt_temple_overflow_cloverleaf, serial_shops, shop
D:9:      gammafunk_corrupted_shrine, layout_basic,
          mainiacjoe_overflow_six_doors_small, special_room [special_room_bee]
D:10:     layout_cave_pools, erik_lair_dragon, david_orc_5,
          kennysheep_cluttered_room, nicolae_elevator_lobby_plus
D:11:     layout_small_grid, ebering_ghost_gozag
D:12:     layout_small_grid, uniq_nessos, uniq_psyche, uniq_azrael, uniq_frances
D:13:     kennysheep_blocky_hall, layout_rooms, david_vaults_5, uniq_rupert,
          uniq_jorgrun, uniq_sonja
D:14:     layout_irregular_city, grunt_qazlal_clouds
D:15:     hangedman_depths_entry_try_elsewhere_first, layout_loops_ring,
          nicolae_gozag_seed_capital, enter_trove_3
Temple:   minmay_crystal_spiral_temple
Lair:1:   layout_small_grid, chequers_serial_rivers_micro_b, uniq_grum
Lair:2:   layout_regular_city, spider_nest_entry_web_field,
          gammafunk_ghost_berserking_beasts, lemuel_centaur_altar
Lair:3:   layout_chaotic_city, gauntlet_entry_generic, grunt_megastairs_5
Lair:4:   layout_regular_city, elwin_shoals_entry_stream, serial_forest,
          infiniplex_forest_clump_medium, infiniplex_forest_straight_2,
          infiniplex_forest_clump_C, infiniplex_forest_end_2,
          infiniplex_forest_lined_room_2, infiniplex_forest_end_2,
          infiniplex_forest_lined_3_way, infiniplex_forest_clump_double,
          infiniplex_staircase_pool, uniq_urug, uniq_josephine
Lair:5:   layout_big_grid
Lair:6:   hellmonk_lair_end_abyssal_woods, layout_regular_city,
          minmay_slime_entry_pillars, serial_bayou_shore_b,
          infiniplex_staircase_pool_2
Spider:1: layout_chambers, ebering_ghost_reflecting_pool, uniq_mlioglotl
Orc:1:    cheibrodos_orc_guarddog, layout_caves, serial_shops,
          nicolae_shop_crystal, uniq_nergalle
Orc:2:    st_orc_ogre_mass, layout_caves, gammafunk_ghost_arena
Elf:1:    elf_arrival_002, layout_loops_corners,
          ploomutoo_gammafunk_ghost_potion_laboratory, serial_shops,
          nicolae_shop_crystal, serial_glass, glass_columns_a, glass_columns_c,
          glass_columns_b, hangedman_elf_represent
Elf:2:    nicolae_elf_blades_splatter_lattice [mumra_blade_entry_bloodbath],
          layout_gridlike, small_chamber_with_monster, drop_trap,
          grunt_megastairs_2
Abyss:2:  base: D:14, hangedman_decor_lopped, minivault_19,
          hangedman_decor_peaks_small, bh_abyss_xom_lugonu_altar

Skill      XL: |  1  2  3  4  5  6  7  8  9 10 11 12 13 14 15 16 17 |
---------------+----------------------------------------------------+-----
Armour         | 4 5 8 9 10 11 | 11.0
Shields        | 4 9 10 | 10.0
Fighting       | 4 5 7 8 9 11 13 14 16 19 22 | 22.0
Long Blades    | 3 4 5 6 8 9 11 13 16 17 19 | 19.0
Dodging        | 2 4 5 8 9 11 13 | 13.1
Invocations    | 2 4 11 14 | 14.0

Action                   |  1- 3 |  4- 6 |  7- 9 | 10-12 | 13-15 | 16-18 || total
-------------------------+-------+-------+-------+-------+-------+-------++-------
Melee: Long sword        |    81 |   126 |   323 |    69 |       |       ||   599
       Headbutt          |     7 |    18 |    62 |   126 |   372 |   214 ||   799
       Scimitar          |       |       |       |   573 |  1374 |   879 ||  2826
       Double sword      |       |       |       |       |       |    32 ||    32
Throw: Throwing net      |       |       |       |     2 |     4 |     1 ||     7
Invok: Shadow Form       |       |       |       |       |     3 |     6 ||     9
Evoke: Wand              |       |       |       |     9 |    14 |       ||    23
       Lightning rod     |       |       |       |       |     6 |       ||     6
       Phial of floods   |       |       |       |       |     1 |       ||     1
  Use: Scroll            |       |     3 |     9 |     5 |    15 |    20 ||    52
       Potion            |       |       |     2 |     4 |    11 |     2 ||    19
 Stab: Paralysed         |       |       |       |     8 |     5 |       ||    13
       Distracted        |       |       |       |     1 |     4 |       ||     5
       Sleeping          |       |       |       |     1 |     1 |       ||     2
       Invisible         |       |       |       |       |    19 |    29 ||    48
Armor: Scale mail        |    34 |    47 |     9 |   156 |   211 |       ||   457
       Plate armour      |       |       |   122 |    16 |   180 |   509 ||   827
Dodge: Dodged            |    34 |    46 |    70 |   308 |   678 |   341 ||  1477
Block: Buckler           |    17 |    28 |    61 |   123 |   314 |   205 ||   748
